 Dungeon Crawl Stone Soup version 0.23.1 (webtiles) character file.

Game seed: 0

6132 myga the Twirler (level 10, 0/76 HPs)
             Began as a Merfolk Gladiator on Mar 18, 2019.
             Was a Believer of Makhleb.
             Slain by a two-headed ogre
             ... wielding a +0 giant club
              (14 damage)
             ... on level 10 of the Dungeon.
             The game lasted 01:14:10 (9456 turns).

myga the Twirler (Merfolk Gladiator)                Turns: 9456, Time: 01:14:10

Health: 0/76       AC: 14    Str: 17    XL:     10   Next: 89%
Magic:  11/11      EV: 11    Int:  7    God:    Makhleb [**....]
Gold:   465        SH:  4    Dex: 17    Spells: 9/9 levels left

rFire    . . .     SeeInvis .   u - +0 spear (flame)
rCold    + . .     Gourm    .   (no shield)
rNeg     . . .     Faith    .   H - +0 chain mail
rPois    .         Spirit   .   c - +0 helmet
rElec    .         Reflect  +   w - +0 cloak
rCorr    .         Harm     .   j - +0 pair of gloves
MR       +....                  k - +0 pair of boots
Stlth    ..........             y - +4 amulet of reflection
HPRegen  0.22/turn              C - ring of protection from cold
MPRegen  0.12/turn              a - ring of protection from magic

@: flying, studying Maces & Flails
A: change form in water, swift swim, stealthy swim
a: Minor Destruction, Renounce Religion


You were on level 10 of the Dungeon.
You worshipped Makhleb.
Makhleb was pleased with you.
You were hungry.

You visited 2 branches of the dungeon, and saw 11 of its levels.

You collected 465 gold pieces.

Inventory:

Hand Weapons
 m - a +2 quarterstaff of chaos
 u - a +0 spear of flaming (weapon)
 x - the +1 mace of Cheibriados's Delight {freeze, MR+ Int+4}
   (You found it on level 5 of the Dungeon)

   It has been specially enchanted to freeze those struck by it, causing extra
   injury to most foes and up to half again as much damage against particularly
   susceptible opponents.
   It can also slow down cold-blooded creatures.
   It affects your intelligence (+4).
   It affects your resistance to hostile enchantments.
Missiles
 g - 405 stones (quivered)
 B - a tomahawk
Armour
 c - a +0 helmet (worn)
 j - a +0 pair of gloves (worn)
 k - a +0 pair of boots (worn)
 w - a +0 cloak (worn)
 D - a +0 chain mail
 H - a +0 chain mail (worn)
Jewellery
 a - a ring of protection from magic (right hand)
 p - an uncursed amulet of guardian spirit
 y - a +4 amulet of reflection (around neck)
 C - a ring of protection from cold (left hand)
Wands
 i - a wand of flame (13)
 q - a wand of clouds (3)
 F - a wand of polymorph (8)
Scrolls
 e - 7 scrolls of remove curse
 l - 3 scrolls of magic mapping
 n - a scroll of enchant armour
 r - a scroll of teleportation
 s - 2 scrolls of amnesia
 v - 2 scrolls of enchant weapon
 J - 7 scrolls of identify
Potions
 b - a potion of brilliance
 h - 3 potions of flight
 t - a potion of cancellation
 z - 2 potions of heal wounds
 A - a potion of curing
 E - a potion of lignification
Books
 G - a manual of Maces & Flails
Comestibles
 f - 18 rations


   Skills:
 + Level 5.9 Fighting
 - Level 4.5(6.7) Maces & Flails
 + Level 4.1(9.3) Polearms
 - Level 7.7(8.4) Staves
 + Level 7.7 Throwing
 - Level 4.9 Armour
 + Level 6.9 Dodging
 - Level 3.2 Stealth
 - Level 0.5 Unarmed Combat
 + Level 2.0 Invocations
 - Level 0.7 Evocations


You had 9 spell levels left.
You didn't know any spells.
Your spell library contained the following spells:

 Spells                   Type           Power        Failure   Level  Hunger
 Confusing Touch          Hex            #.....       99%         1    ##.....
 Corona                   Hex            #......      99%         1    ##.....
 Ensorcelled Hibernation  Hex/Ice        #.....       100%        2    ###....
 Confuse                  Hex            #.......     100%        3    ####...
 Dazzling Spray           Conj/Hex       #.....       100%        3    ####...
 Gell's Gravitas          Tloc           #.........   100%        3    ####...
 Tukima's Dance           Hex            #.......     100%        3    ####...
 Petrify                  Tmut/Erth      #.......     100%        4    #####..
 Metabolic Englaciation   Hex/Ice        #.........   100%        5    ######.
 Yara's Violent Unravell  Hex/Tmut       #.........   100%        5    ######.


Dungeon Overview and Level Annotations

Branches:
Dungeon (10/15)            Temple (1/1) D:6            Lair (0/6) D:9
    Orc: D:9-12

Altars:
Ashenzari
Cheibriados
Dithmenos
Elyvilon
Fedhas
Gozag
Hepliaklqana
Kikubaaqudgha
Makhleb
Nemelex Xobeh
Okawaru
Qazlal
Ru
Sif Muna
Trog
Uskayaw
Vehumet
Wu Jian
Xom
Yredelemnul
Zin
The Shining One


Message History

You feel much better. The crimson imp barely misses you. The iguana bites you!
The crimson imp blinks!
The iguana bites you.
Found a fuming silvery potion.
Found a scroll of identify.
The crimson imp barely misses you.
A kobold comes into view.
The kobold shouts!
You hear a shout! x2
The crimson imp blinks!
The two-headed ogre barely misses you.
The two-headed ogre hits you but does no damage.
The crimson imp blinks!
The iguana hisses menacingly.
Found 9 gold pieces.
Found 19 gold pieces.
You feel very buoyant.
You fly up into the air.
The two-headed ogre hits you with a +0 giant club!
* * * LOW HITPOINT WARNING * * *
The two-headed ogre hits you with a +0 giant club!
You die...

###....<....###
#..............
########...........##
#.....##...........#
.......##.........##
........#............
...$....###..........
........###5.#K..###.
.......@#..!........
........O5?.K.......
.....................
.............##.####.
........###..# .#
........# ..... .
$.......# ...... .
........# ....#.
......# ...#


You could see a two-headed ogre, a crimson imp and a kobold.

Vanquished Creatures
  A two-headed ogre (D:9)
  Prince Ribbit (D:6)
  2 hippogriffs
  Sigmund (D:2)
  5 yaks (D:7)
  Eustachio (D:6)
  Menkaure (D:6)
  2 orc warriors
  Duvessa (D:5)
  2 black bears (D:7)
  2 ice beasts (D:7)
  2 sky beasts
  3 phantoms
  5 ogres
  4 centaurs
  A big kobold (D:3)
  2 bullfrogs
  Dowan (D:5)
  A wyvern skeleton (D:6)
  3 scorpions
  4 howler monkeys (D:9)
  2 vampire bats (D:5)
  2 jellies
  5 crimson imps
  Crazy Yiuf (D:5)
  2 orc priests (D:6)
  A hound (D:8)
  A bullfrog skeleton (D:4)
  Jessica (D:3)
  Ijyb (D:3)
  2 iguanas
  10 orc wizards
  4 worker ants
  A hound skeleton (D:8)
  A worker ant zombie (D:6)
  A howler monkey zombie (D:7)
  4 gnolls (D:8)
  17 adders
  4 oozes
  2 adder zombies
  3 worms
  3 dart slugs
  3 leopard geckos
  40 orcs
  2 ball pythons
  2 bat skeletons (D:5)
  5 bat zombies (D:5)
  7 giant cockroaches
  7 hobgoblins
  12 jackals
  7 kobolds
  3 quokkas
  3 bats (D:2)
  7 frilled lizards
  15 goblins
  A jackal skeleton (D:7)
  A quokka skeleton (D:8)
  7 rats
235 creatures vanquished.

Vanquished Creatures (others)
  A plant (D:9)
1 creature vanquished.

Grand Total: 236 creatures vanquished

Notes
Turn   | Place    | Note
-------+----------+-------------------------------------------
     0 | D:1      | myga the Merfolk Gladiator began the quest for the Orb.
     0 | D:1      | Reached XP level 1. HP: 16/16 MP: 1/1
    85 | D:1      | Reached XP level 2. HP: 22/22 MP: 2/2
    91 | D:1      | Found a shimmering altar of Xom.
   625 | D:2      | Reached XP level 3. HP: 25/27 MP: 3/3
  1101 | D:2      | Noticed Sigmund
  1114 | D:2      | Killed Sigmund
  1114 | D:2      | Reached skill level 1 in Armour
  1114 | D:2      | Reached skill level 5 in Dodging
  1114 | D:2      | Reached XP level 4. HP: 26/34 MP: 4/4
  1114 | D:2      | Reached XP level 5. HP: 30/39 MP: 5/5
  1216 | D:2      | Reached XP level 6. HP: 34/46 MP: 6/6
  1582 | D:3      | Noticed a sky beast
  1606 | D:3      | Killed a sky beast
  1606 | D:3      | Reached skill level 1 in Stealth
  2007 | D:3      | Reached XP level 7. HP: 52/52 MP: 7/7
  2220 | D:3      | Noticed Jessica
  2228 | D:3      | Killed Jessica
  2302 | D:3      | Reached skill level 5 in Staves
  2585 | D:3      | Noticed Ijyb
  2604 | D:3      | Killed Ijyb
  4123 | D:5      | Entered Level 5 of the Dungeon
  4153 | D:5      | Found a runed translucent door.
  4154 | D:5      | Noticed Crazy Yiuf
  4164 | D:5      | Paralysed by Crazy Yiuf for 7 turns
  4174 | D:5      | Killed Crazy Yiuf
  4192 | D:5      | Got a jewelled mace
  4194 | D:5      | Identified the cursed +1 mace of Cheibriados's Delight
                  | {freeze, MR+ Int+4} (You found it on level 5 of the
                  | Dungeon)
  4255 | D:5      | Noticed Duvessa
  4255 | D:5      | Noticed Dowan
  4289 | D:5      | Killed Duvessa
  4289 | D:5      | Reached XP level 8. HP: 42/60 MP: 8/8
  4299 | D:5      | Killed Dowan
  4834 | D:5      | Found an ancient bone altar of Kikubaaqudgha.
  4916 | D:6      | Noticed Menkaure
  4923 | D:6      | Killed Menkaure
  4973 | D:6      | Noticed Eustachio
  4988 | D:6      | Killed Eustachio
  5035 | D:6      | Found a hide-covered altar of Uskayaw.
  5035 | D:6      | Found a hazy altar of Hepliaklqana.
  5205 | D:6      | Reached XP level 9. HP: 67/67 MP: 9/9
  5228 | D:6      | Reached skill level 5 in Throwing
  5319 | D:6      | Found a bloodstained altar of Trog.
  5321 | D:6      | Found a white marble altar of Elyvilon.
  5321 | D:6      | Found a sparkling altar of Nemelex Xobeh.
  5323 | D:6      | Found a radiant altar of Vehumet.
  5323 | D:6      | Found a stormy altar of Qazlal.
  5563 | D:6      | Found a staircase to the Ecumenical Temple.
  5602 | D:6      | Noticed Prince Ribbit
  6020 | D:6      | Reached skill level 5 in Fighting
  6029 | D:6      | Killed Prince Ribbit
  6290 | D:6      | Found a basalt altar of Yredelemnul.
  6292 | D:6      | Noticed a profane servitor
  6303 | D:6      | Found a glowing golden altar of the Shining One.
  6306 | D:6      | Noticed an angel
  6505 | Temple   | Entered the Ecumenical Temple
  6650 | Temple   | Became a worshipper of Makhleb the Destroyer
  7173 | D:7      | Reached XP level 10. HP: 38/74 MP: 10/10
  7930 | D:7      | Reached * piety under Makhleb
  8541 | D:8      | Found a shimmering altar of Xom.
  8782 | D:8      | Reached skill level 1 in Polearms
  8995 | D:8      | Reached ** piety under Makhleb
  9340 | D:9      | Found a staircase to the Lair.
  9372 | D:9      | Noticed a two-headed ogre
  9400 | D:9      | Killed a two-headed ogre
  9400 | D:9      | Reached skill level 1 in Invocations
  9443 | D:10     | Entered Level 10 of the Dungeon
  9443 | D:10     | Noticed a two-headed ogre
  9456 | D:10     | Slain by a two-headed ogre

Skill      XL: |  1  2  3  4  5  6  7  8  9 10 |
---------------+-------------------------------+-----
Staves         | 3 4 5 6 7 |  7.7
Throwing       | 3 4 6 7 |  7.7
Armour         | 1 2 3 4 |  4.9
Dodging        | 5 6 |  6.9
Stealth        | 1 3 |  3.2
Fighting       | 3 4 5 |  5.9
Maces & Flails | 3 4 |  4.5
Polearms       | 4 |  4.1
Invocations    | 2 |  2.0
Unarmed Combat | |  0.5
Evocations     | |  0.7

Action                   |  1- 3 |  4- 6 |  7- 9 | 10-12 || total
-------------------------+-------+-------+-------+-------++-------
Melee: Quarterstaff      |    82 |    99 |   326 |    13 ||   520
       Tailslap          |       |       |     1 |       ||     1
       Unarmed           |       |       |    11 |       ||    11
       Mace              |       |       |    84 |   121 ||   205
       Spear             |       |       |       |   219 ||   219
       Punch             |       |       |       |     1 ||     1
Throw: Stone             |    46 |    21 |   109 |   107 ||   283
       Tomahawk          |       |       |    78 |     6 ||    84
       Throwing net      |       |       |     3 |       ||     3
Evoke: Wand              |       |       |     5 |       ||     5
  Use: Scroll            |     5 |     3 |     8 |       ||    16
       Potion            |     1 |       |     6 |     3 ||    10
 Stab: Confused          |       |       |     1 |       ||     1
       Petrified         |       |       |     7 |       ||     7
       Petrifying        |       |       |     1 |       ||     1
  Eat: Chunk             |     1 |     3 |    16 |     7 ||    27
Armor: Leather armour    |     3 |       |       |       ||     3
       Scale mail        |    25 |    32 |    31 |       ||    88
       Chain mail        |       |       |   147 |   119 ||   266
       Skin              |       |       |       |    25 ||    25
Dodge: Dodged            |    39 |    48 |   206 |    87 ||   380
Block: Other             |       |       |    49 |    25 ||    74
       Reflection        |       |       |     1 |       ||     1
